 Dungeon Crawl Stone Soup version 0.28.0 (webtiles) character file.

Game seed: 12399243138293206265

224 Minsecho the Ducker (level 6, -2/53 HPs)
             Began as a Gnoll Monk on Feb 12, 2022.
             Slain by an adder (3 damage)
             ... on level 4 of the Dungeon.
             The game lasted 00:06:54 (2943 turns).

Minsecho the Ducker (Gnoll Monk)                    Turns: 2943, Time: 00:06:54

Health: -2/53      AC:  5    Str: 13    XL:     6   Next: 0%
Magic:  8/8        EV: 14    Int: 15    God:
Gold:   123        SH:  0    Dex: 14    Spells: 7/8 levels left

rFire   . . .      SeeInvis .   a - +0 spear (freeze)
rCold   . . .      Faith    .   (no shield)
rNeg    . . .      Spirit   .   g - +0 leather armour
rPois   .          Reflect  .   i - +1 helmet
rElec   .          Harm     .   (no cloak)
rCorr   .          Rampage  .   (no gloves)
Will    .....                   (no boots)
Stlth   ++........              (no amulet)
HPRegen 0.17/turn               j - ring of flight
MPRegen 0.11/turn               n - +6 ring of intelligence

@: flying
A: fangs 1, strong nose, distributed training
a: no special abilities


You were on level 4 of the Dungeon.
You visited 1 branch of the dungeon, and saw 4 of its levels.

You collected 123 gold pieces.

Inventory:

Hand Weapons
 a - a +0 spear of freezing (weapon)
 h - a +2 dagger of venom
Missiles
 f - 3 datura-tipped darts
 p - 20 sling bullets
Armour
 b - a +0 robe
 g - a +0 leather armour (worn)
 i - a +1 helmet (worn)
Jewellery
 j - a ring of flight (left hand)
 n - a +6 ring of intelligence (right hand)
Wands
 m - a wand of polymorph (4)
Potions
 c - 2 potions of mutation
 d - a potion of flight


   Skills:
 + Level 6.7 Fighting
 + Level 1.7 Short Blades
 + Level 1.7 Long Blades
 + Level 1.7 Axes
 + Level 1.7 Maces & Flails
 + Level 6.7 Polearms
 + Level 1.7 Staves
 + Level 1.7 Slings
 + Level 1.7 Bows
 + Level 1.7 Crossbows
 + Level 1.7 Throwing
 + Level 1.7 Armour
 + Level 6.7 Dodging
 + Level 4.5 Stealth
 + Level 1.7 Shields
 + Level 1.7 Unarmed Combat
 + Level 1.7 Spellcasting
 + Level 1.3 Conjurations
 + Level 1.3 Hexes
 + Level 1.3 Summonings
 + Level 1.3 Necromancy
 + Level 1.3 Translocations
 + Level 1.3 Transmutations
 + Level 1.3 Fire Magic
 + Level 1.3 Ice Magic
 + Level 1.3 Air Magic
 + Level 1.3 Earth Magic
 + Level 1.3 Poison Magic
 + Level 1.9 Invocations
 + Level 1.7 Evocations


You had 7 spell levels left.
You knew the following spells:

 Your Spells              Type           Power      Damage    Failure   Level
a - Magic Dart            Conj           20%        1d4       17%         1

Your spell library contained the following spells:

 Spells                   Type           Power      Damage    Failure   Level
 Searing Ray              Conj           10%        2d4       26%         2
 Fulminant Prism          Conj/Hex       2%         3d6       86%         4


Dungeon Overview and Level Annotations

Branches:
Dungeon (4/15)
 Temple: D:4-7

Altars:
Makhleb
Trog
Vehumet
Wu Jian

Shops:
D:4 [


Innate Abilities, Weirdness & Mutations

You have very sharp teeth.
Your uncanny sense of smell can sniff out nearby items.
Your experience applies equally to all skills.


Message History

Aiming: Polymorph
Press: ? - help, Shift-Dir - straight line, f - scorpion
Aim: a scorpion (will become a wolf, a steam dragon, or a rat, chance to affect: 53%)
Okay, then.
Unknown command.
An adder comes into view.
The adder hisses angrily.
You see here a +0 dagger.
You hit the scorpion but do no damage. The scorpion stings you!
* * * LOW HITPOINT WARNING * * *
You are poisoned.
The scorpion poisons you!
Okay, then.
Unknown command.
You aren't carrying any scrolls.
Found a spear.
You feel sick.
You feel sick.
You feel sick.
You feel sick.
The scorpion stings you but does no damage.
You feel sick.
You feel sick.
You feel sick.
You are no longer poisoned.
Found a barding.
The scorpion stings you but does no damage.
Found 11 gold pieces.
The adder bites you but does no damage.
You see here a +0 barding.
An orc comes into view. It is wielding a +0 whip.
The adder bites you but does no damage.
A kobold comes into view. It is wielding a +0 whip.
Found 10 gold pieces.
The kobold shouts!
The adder bites you but does no damage.
The orc shouts!
You hear an angry hiss.
The orc hits you with a +0 whip.
* * * LOW HITPOINT WARNING * * *
The kobold barely misses you. The adder bites you.
You die...

#.##.###.##.#
##.#..#
#.##.# >##.#
####.....#
#.##.# .##.#
#..[.#...#
#.##.# .##.#
#.##....##
#.##.# .##.#
#.###.#.#
#.##.# .<..
#.# .#.#
#.##.#
###s###.#.#
..#
#.S...$.$.#
#.o@....###
#.#K#####
.....#
.....#..
###∆∆
.......#.##
#..
########.#
#.# #.# #.# #
#.# #.#.#####


You could see a scorpion, an adder, an orc and a kobold.

Vanquished Creatures
  A hound (D:3)
  Ijyb (D:3)
  Terence (D:3)
  An orc wizard (D:4)
  A river rat (D:3)
  5 adders
  A worm (D:2)
  3 orcs (D:4)
  4 ball pythons
  5 endoplasms
  4 giant cockroaches
  7 goblins
  A hobgoblin (D:1)
  3 jackals (D:2)
  3 quokkas
  6 bats
  2 frilled lizards
  6 kobolds
  7 rats
62 creatures vanquished.

Vanquished Creatures (collateral kills)
  A quokka (D:3)
1 creature vanquished.

Grand Total: 63 creatures vanquished

Notes
Turn   | Place    | Note
-------+----------+-------------------------------------------
     0 | D:1      | Minsecho the Gnoll Monk began the quest for the Orb.
     0 | D:1      | Reached XP level 1. HP: 23/23 MP: 1/1
   334 | D:1      | Reached XP level 2. HP: 26/29 MP: 2/2
   971 | D:1      | Reached XP level 3. HP: 35/35 MP: 3/3
  1102 | D:2      | Reached skill level 1 in Invocations
  1302 | D:2      | Found a faded altar of an unknown god.
  1423 | D:2      | Reached skill level 1 in Short Blades
  1423 | D:2      | Reached skill level 1 in Long Blades
  1423 | D:2      | Reached skill level 1 in Axes
  1423 | D:2      | Reached skill level 1 in Maces & Flails
  1423 | D:2      | Reached skill level 1 in Staves
  1423 | D:2      | Reached skill level 1 in Slings
  1423 | D:2      | Reached skill level 1 in Bows
  1423 | D:2      | Reached skill level 1 in Crossbows
  1423 | D:2      | Reached skill level 1 in Throwing
  1423 | D:2      | Reached skill level 1 in Armour
  1423 | D:2      | Reached skill level 1 in Shields
  1423 | D:2      | Reached skill level 1 in Unarmed Combat
  1423 | D:2      | Reached skill level 1 in Spellcasting
  1423 | D:2      | Reached skill level 1 in Evocations
  1484 | D:2      | Reached XP level 4. HP: 37/41 MP: 5/5
  1542 | D:2      | Learned a level 1 spell: Magic Dart
  1809 | D:3      | Reached skill level 1 in Conjurations
  1809 | D:3      | Reached skill level 1 in Hexes
  1809 | D:3      | Reached skill level 1 in Summonings
  1809 | D:3      | Reached skill level 1 in Necromancy
  1809 | D:3      | Reached skill level 1 in Translocations
  1809 | D:3      | Reached skill level 1 in Transmutations
  1809 | D:3      | Reached skill level 1 in Fire Magic
  1809 | D:3      | Reached skill level 1 in Ice Magic
  1809 | D:3      | Reached skill level 1 in Air Magic
  1809 | D:3      | Reached skill level 1 in Earth Magic
  1809 | D:3      | Reached skill level 1 in Poison Magic
  1829 | D:3      | Noticed Ijyb
  1885 | D:3      | Killed Ijyb
  1886 | D:3      | Reached XP level 5. HP: 26/47 MP: 5/7
  2182 | D:3      | Found a bloodstained altar of Trog.
  2182 | D:3      | Found an ornate altar of the Wu Jian Council.
  2183 | D:3      | Found a radiant altar of Vehumet.
  2197 | D:3      | Found a burning altar of Makhleb.
  2197 | D:3      | Noticed Terence
  2212 | D:3      | Killed Terence
  2843 | D:4      | Reached XP level 6. HP: 4/53 MP: 8/8
  2910 | D:4      | Found Piotwock's Armour Emporium.
  2942 | D:4      | HP: 1/53 [orc (5)]
  2943 | D:4      | Slain by an adder

Illustrated notes

Levels and vault maps discovered:
D:1:      shiori_arrival_oz, layout_basic, palyth_stone_intersect,
          minmay_pentomino_z4
D:2:      layout_rooms, hellmonk_ecumenical_altar_heavens_door,
          chequers_decorated_corner
D:3:      layout_basic, nicolae_overflow_quartered_altars, uniq_ijyb,
          uniq_crazy_yiuf_cottage, uniq_terence
D:4:      layout_loops_ring, minmay_temple_entry_statues, serial_shops,
          shop_fountains, portal_sewer_entry_c

Skill      XL: |  1  2  3  4 |
---------------+-------------+-----
Invocations    | 1 |  1.9
Short Blades   | 1 |  1.7
Long Blades    | 1 |  1.7
Axes           | 1 |  1.7
Maces & Flails | 1 |  1.7
Staves         | 1 |  1.7
Slings         | 1 |  1.7
Bows           | 1 |  1.7
Crossbows      | 1 |  1.7
Throwing       | 1 |  1.7
Armour         | 1 |  1.7
Shields        | 1 |  1.7
Unarmed Combat | 1 |  1.7
Spellcasting   | 1 |  1.7
Evocations     | 1 |  1.7
Conjurations   | 1 |  1.3
Hexes          | 1 |  1.3
Summonings     | 1 |  1.3
Necromancy     | 1 |  1.3
Translocations | 1 |  1.3
Transmutations | 1 |  1.3
Fire Magic     | 1 |  1.3
Ice Magic      | 1 |  1.3
Air Magic      | 1 |  1.3
Earth Magic    | 1 |  1.3
Poison Magic   | 1 |  1.3
Fighting       | |  6.7
Polearms       | |  6.7
Dodging        | |  6.7
Stealth        | |  4.5

Action                   |  1- 3 |  4- 6 || total
-------------------------+-------+-------++-------
Melee: Spear             |    52 |    35 ||    87
       Bite              |     7 |    10 ||    17
       Dagger            |    49 |    62 ||   111
       Punch             |     3 |     2 ||     5
Throw: Dart              |       |     4 ||     4
  Use: Scroll            |       |     4 ||     4
       Potion            |       |     3 ||     3
 Stab: Sleeping          |     5 |     2 ||     7
Armor: Robe              |     6 |       ||     6
       Leather armour    |     9 |    23 ||    32
Dodge: Dodged            |    58 |    53 ||   111
